 Dungeon Crawl Stone Soup version 0.29.1-15-g9cfb28693d (webtiles) character file.

Game seed: 11869582982627334362

25 protoss039 the Digger (level 2, -2/21 HPs)
             Began as a Demonspawn Earth Elementalist on Mar 21, 2023.
             Slain by a goblin
             ... wielding a +0 dagger
             ... led by Robin
              (5 damage)
             ... on level 2 of the Dungeon.
             The game lasted 00:01:04 (961 turns).

protoss039 the Digger (DsEE)                         Turns: 961, Time: 00:01:04

Health: -2/21      AC:  8    Str:  8    XL:     2   Next: 82%
Magic:  5/5        EV: 10    Int: 16    God:
Gold:   60         SH:  0    Dex: 13    Spells: 4/5 levels left

rFire   . . .      SeeInvis .   d - +0 spear
rCold   . . .      Faith    .   (no shield)
rNeg    . . .      Spirit   .   l - +3 ring mail
rPois   .          Reflect  .   (no helmet)
rElec   .          Harm     .   (no cloak)
rCorr   .          Rampage  .   (no gloves)
Will    .....                   (no boots)
Stlth   +.........              (no amulet)
HPRegen 0.07/turn               c - ring of flight
MPRegen 0.09/turn               (no ring)

@: about to teleport, weak-willed, flying
A: ignite blood 1
a: no special abilities


You were on level 2 of the Dungeon.
You visited 1 branch of the dungeon, and saw 2 of its levels.

You collected 60 gold pieces.

Inventory:

Hand Weapons
 d - a +0 spear (weapon)
Armour
 l - a +3 ring mail (worn)
Jewellery
 c - a ring of flight (left hand)
Scrolls
 f - a scroll of identify {unknown}
 g - a scroll of fog {unknown}
 h - a scroll of summoning {unknown}
 j - a scroll of amnesia {unknown}
 m - a scroll of immolation {unknown}
Potions
 b - a potion of magic
 i - 2 potions of haste {unknown}
 k - a potion of mutation {unknown}


   Skills:
 + Level 1.3 Fighting
 - Level 1.7 Dodging
 - Level 1.7 Stealth
 + Level 2.4 Spellcasting
 - Level 0.8 Transmutations
 + Level 3.0 Earth Magic


You had 4 spell levels left.
You knew the following spells:

 Your Spells              Type           Power      Damage    Failure   Level
a - Sandblast             Erth           22%        2d7       17%         1

Your spell library contained the following spells:

 Spells                   Type           Power      Damage    Failure   Level
 Passwall                 Tmut/Erth      6%         N/A       38%         2
 Stone Arrow              Conj/Erth      12%        3d7       69%         3
 Petrify                  Tmut/Erth      8%         N/A       95%         4


Dungeon Overview and Level Annotations

Branches:
Dungeon (2/15) Zot: 11026

Altars:

Annotations:
D:2 Robin


Innate Abilities, Weirdness & Mutations

Your demonic aura sometimes causes spilled blood to erupt in flames.


Message History

Robin throws the goblin at you!
The goblin shouts!
You hit the goblin.
You kill the goblin!
You hear a splash. x2
Robin throws the goblin at you! The goblin barely misses you.
You hit the goblin but do no damage.
The goblin splashes around in the water.
Robin throws the goblin at you! The goblin closely misses you.
The goblin barely misses you.
You closely miss the goblin.
The goblin splashes around in the water.
The goblin hits you with a +0 club. The hobgoblin closely misses you.
The goblin hits you but does no damage. The goblin misses you.
The goblin hits you with a +0 club. The goblin closely misses you.
You aren't carrying any items that you can evoke.
As you read the scroll labelled NETOEL BOWO, it crumbles to dust.
Magic quickly surges around you.
It was a scroll of vulnerability.
The hobgoblin hits you but does no damage.
Robin roars a battlecry!
The goblins go into a battle-frenzy!
The goblin hits you but does no damage. The goblin barely misses you.
The goblin hits you with a +0 club. The goblin barely misses you.
Unknown command.
As you read the scroll labelled WAQITTUSCHI, it crumbles to dust.
You feel strangely unstable.
It was a scroll of teleportation.
The hobgoblin hits you but does no damage.
The goblin barely misses you. The goblin hits you with a +0 dagger.
The goblin hits you but does no damage. The goblin barely misses you.
Unknown command.
Okay, then.
Reach: d) +0 spear
Press: ? - help, Dir - move target, f/p - goblin
Aim: a goblin, wielding a +0 dagger (heavily wounded, strong, weak-willed, about 49% to evade your +0 spear)
You hit the goblin but do no damage.
The goblin is heavily wounded.
The hobgoblin hits you. The goblin hits you with a +0 club.
* * * LOW HITPOINT WARNING * * *
The goblin hits you with a +0 dagger.
You die...

....~≈≈~..##..##.#
....~≈≈~......##.#
#.~≈≈~(.###.##.#
##.~≈≈~~####.##.#
....~~≈≈~[....##.#
###..~≈≈~######
#..~≈≈~##
###B≈≈~g##
#~~≈≈g@##
##~≈≈ggg#
#~≈≈~gg.....#
#~~≈≈~.######
..88~≈≈gg8
.........g.
............
..88~~≈≈~88..
####.~≈≈~.....


You could see Robin (weak-willed), a giant cockroach (weak-willed), a hobgoblin
(strong, weak-willed) and 8 goblins.

Vanquished Creatures
  A dart slug (D:2)
  2 ball pythons (D:1)
  A bat (D:1)
  3 endoplasms (D:1)
  A giant cockroach (D:1)
  2 goblins
  3 hobgoblins
  2 frilled lizards
  A kobold (D:1)
  5 rats (D:1)
21 creatures vanquished.

Vanquished Creatures (others)
  A fungus (D:1)
1 creature vanquished.

Grand Total: 22 creatures vanquished

Notes
Turn   | Place    | Note
-------+----------+-------------------------------------------
     0 | D:1      | protoss039 the Demonspawn Earth Elementalist began the
                  | quest for the Orb.
     0 | D:1      | Reached XP level 1. HP: 13/13 MP: 3/3
    65 | D:1      | Found a faded altar of an unknown god.
   321 | D:1      | Gained mutation: Your demonic aura sometimes causes spilled
                  | blood to erupt in flames. [demonic ancestry]
   321 | D:1      | Reached XP level 2. HP: 20/20 MP: 3/5
   421 | D:1      | Reached skill level 1 in Fighting
   621 | D:1      | Reached skill level 3 in Earth Magic
   950 | D:2      | Noticed Robin
   961 | D:2      | Slain by a goblin

Illustrated notes

Levels and vault maps discovered:
D:1:      dpeg_arrival_ratfight, layout_rooms,
          shapermc_ecumenical_altar_acropolis
D:2:      wander_river, layout_loops_ring, serial_forest,
          infiniplex_forest_clump_tiny, infiniplex_forest_clump_cross,
          infiniplex_forest_lined_4_way, infiniplex_forest_lined_ring,
          infiniplex_forest_clump_C, infiniplex_forest_straight_3,
          infiniplex_forest_lined_3, uniq_robin, uniq_sigmund

Skill      XL: |  1  2 |
---------------+-------+-----
Fighting       | 1 |  1.3
Earth Magic    | 3 |  3.0
Dodging        | |  1.7
Stealth        | |  1.7
Spellcasting   | |  2.4
Transmutations | |  0.8

Action                   || total
-------------------------++-------
Melee: Spear             ||    40
 Cast: Sandblast         ||    18
  Use: Scroll            ||     2
 Stab: Sleeping          ||     4
Armor: Robe              ||     4
       Ring mail         ||    15
Dodge: Dodged            ||    25
